 Dungeon Crawl Stone Soup version 0.28.0-53-g5a82cb258f (webtiles) character file.

Game seed: 16317713146143664444

152 styxcanada the Sneak (level 5, -7/26 HPs)
             Began as a Spriggan Brigand on June 22, 2022.
             Mangled by Blork the orc
             ... wielding a +0 dire flail
              (11 damage)
             ... on level 4 of the Dungeon.
             The game lasted 00:11:35 (3655 turns).

styxcanada the Sneak (Spriggan Brigand)             Turns: 3655, Time: 00:11:38

Health: -7/26      AC:  5    Str:  7    XL:     5   Next: 11%
Magic:  6/6        EV: 18    Int: 13    God:
Gold:   112        SH:  0    Dex: 18    Spells: 4/4 levels left

rFire   . . .      SeeInvis +   a - +2 dagger
rCold   . . .      Faith    +   (no shield)
rNeg    . . .      Spirit   .   b - +0 robe
rPois   .          Reflect  .   (helmet restricted)
rElec   .          Harm     .   n - +2 cloak
rCorr   .          Rampage  .   (gloves unavailable)
Will    .....                   (boots unavailable)
Stlth   ++++......              h - amulet of faith
HPRegen 0.08/turn               (no ring)
MPRegen 0.10/turn               (no ring)

@: very quick
A: very small, no large weapons, unfitting armour, see invisible, speed 3
a: no special abilities


You were on level 4 of the Dungeon.
You visited 1 branch of the dungeon, and saw 4 of its levels.

You collected 112 gold pieces.

Inventory:

Hand Weapons
 a - a +2 dagger (weapon)
Missiles
 e - 4 poisoned darts
 f - 16 stones (quivered)
Armour
 b - a +0 robe (worn)
 n - a +2 cloak (worn)
Jewellery
 d - a ring of protection from cold
 h - an amulet of faith (around neck)
Scrolls
 k - a scroll of fear {unknown}
 o - a scroll of noise {unknown}
 p - 2 scrolls of identify {unknown}
 q - 2 scrolls of teleportation {unknown}
 t - 3 scrolls of amnesia {unknown}
Potions
 c - a potion of ambrosia {unknown}
 g - 2 potions of curing
 j - a potion of haste {unknown}
 l - a potion of brilliance {unknown}
 m - a potion of cancellation {unknown}
 r - a potion of attraction {unknown}
 s - a potion of heal wounds {unknown}


   Skills:
 * Level 2.2 Fighting
 + Level 3.2 Short Blades
 + Level 2.5 Throwing
 * Level 2.8 Dodging
 * Level 7.6 Stealth


You had 4 spell levels left.
You didn't know any spells.
Your spell library contained the following spells:

 Spells                   Type           Power      Damage    Failure   Level
 Magic Dart               Conj           0%         1d3       30%         1
 Searing Ray              Conj           0%         2d4       43%         2
 Fulminant Prism          Conj/Hex       0%         3d6       97%         4


Dungeon Overview and Level Annotations

Branches:
Dungeon (4/15)
 Temple: D:4-7

Altars:
Vehumet
Wu Jian

Shops:
D:2 [

Annotations:
D:4 Blork the orc


Innate Abilities, Weirdness & Mutations

You are very small and have problems with some larger weapons.
You are too small for most types of armour.
You have supernaturally acute eyesight. (SInv)
You cover ground extremely quickly. (Speed+++)


Message History

e - 2 poisoned darts (gained 1)
The iguana hisses menacingly.
You see here 2 poisoned darts.
e - 4 poisoned darts (gained 2)
The water moccasin skeleton completely misses you.
You barely miss the water moccasin skeleton.
The water moccasin skeleton misses you.
You hit the water moccasin skeleton.
The water moccasin skeleton is lightly damaged.
Found a stone staircase leading down.
A kobold comes into view. It is wielding a +0 whip.
A ball python and a hound come into view.
Blork the orc shouts!
The ball python hisses angrily.
The kobold shouts!
The hound barks!
The hound barely misses you.
You hit the hound.
The hound is lightly wounded.
The hound bites you but does no damage.
You hit the hound but do no damage.
The hound is lightly wounded.
The hound closely misses you.
You hit the hound but do no damage.
The hound is lightly wounded.
The hound completely misses you. Blork the orc barely misses you.
The hound misses you.
You hit the hound but do no damage.
The hound is lightly wounded.
Blork the orc misses you. The hound bites you.
You hit the hound. You punch the hound.
The hound is moderately wounded.
The hound bites you but does no damage.
Blork the orc hits you with a +0 dire flail!
* * * LOW HITPOINT WARNING * * *
As you read the scroll labelled TEESUDW KULIR, it crumbles to dust.
Your body is wracked with pain!
* * * LOW HITPOINT WARNING * * *
The hound convulses!
Blork the orc convulses!
The ball python convulses!
The orc convulses!
It was a scroll of torment.
The hound completely misses you.
Blork the orc hits you with a +0 dire flail!
You die...

..............###
...............Z##
.............##..#
.............##..##
.............###l.######
#.....................#
#..K.KSo....####.$.....
#..###o###### #..###.#
#. #@# ##...... #h#
###.... ... ######.....
....# #.........Z ......
........... ........
........... .......##
..........) ........#
........... ...........


You could see Blork the orc, a hound, an orc, a ball python and a kobold.

Vanquished Creatures
  A howler monkey (D:4)
  3 adders
  An adder skeleton (D:4)
  3 worms (D:2)
  3 dart slugs
  5 ball pythons
  6 endoplasms
  3 giant cockroaches
  7 goblins
  8 hobgoblins
  3 jackals (D:1)
  5 quokkas
  4 bats
  3 frilled lizards
  9 kobolds
  4 rats
68 creatures vanquished.

Notes
Turn   | Place    | Note
-------+----------+-------------------------------------------
     0 | D:1      | styxcanada the Spriggan Brigand began the quest for the
                  | Orb.
     0 | D:1      | Reached XP level 1. HP: 10/10 MP: 2/2
    97 | D:1      | Reached skill level 6 in Stealth
   105 | D:1      | Reached XP level 2. HP: 1/15 MP: 3/3
   789 | D:1      | Reached XP level 3. HP: 18/18 MP: 4/4
  1559 | D:2      | Found Jileesat's Armour Emporium.
  1643 | D:2      | Found a faded altar of an unknown god.
  2140 | D:2      | Reached skill level 7 in Stealth
  2140 | D:2      | Reached XP level 4. HP: 9/23 MP: 5/5
  2843 | D:3      | Found an ornate altar of the Wu Jian Council.
  2844 | D:3      | Found a radiant altar of Vehumet.
  3327 | D:4      | Noticed Blork the orc
  3581 | D:4      | Reached XP level 5. HP: 19/26 MP: 6/6
  3655 | D:4      | Mangled by Blork the orc

Illustrated notes

Levels and vault maps discovered:
D:1:      dpeg_arrival_yet_another_circle, layout_rooms, grunt_decor_cap,
          minmay_misc_feat_nine_boxes
D:2:      layout_basic, serial_shops, nicolae_shop_behind_doors,
          ebering_ecumenical_altar_rust
D:3:      layout_loops_ring, gammafunk_temple_overflow_pools
D:4:      layout_rooms, minmay_temple_entry_waves, uniq_blork_the_orc,
          uniq_crazy_yiuf_cottage

Skill      XL: |  1  2  3  4 |
---------------+-------------+-----
Stealth        | 6 7 |  7.6
Dodging        | 2 |  2.8
Fighting       | 2 |  2.2
Short Blades   | 3 |  3.2
Throwing       | |  2.5

Action                   |  1- 3 |  4- 6 || total
-------------------------+-------+-------++-------
Melee: Dagger            |   151 |    73 ||   224
       Punch             |     2 |     1 ||     3
Throw: Dart              |    21 |    18 ||    39
       Stone             |       |     1 ||     1
  Use: Scroll            |       |     1 ||     1
 Stab: Sleeping          |    14 |     7 ||    21
Armor: Robe              |    22 |     8 ||    30
Dodge: Dodged            |   108 |    43 ||   151
